 Dungeon Sprint DCSS version 0.27-a0-59-gfbafd837a3 (webtiles) character file.

Game seed: 7715192923641319415

949 Borgoz the Fighter (level 8, 0/85 HPs)
             Began as a Gargoyle Gladiator on Jan 8, 2021.
             Was a Follower of Makhleb.
             Slain by an unseen horror (7 damage)
             ... in the Dungeon (Sprint IX: "|||||||||||||||||||||||||||||").
             The game lasted 00:01:47 (338 turns).

Borgoz the Fighter (Gargoyle Gladiator)              Turns: 338, Time: 00:01:48

Health: 0/85       AC: 16    Str: 18    XL:     8   Next: 13%
Magic:  8/8        EV: 11    Int: 12    God:    Makhleb [*.....]
Gold:   0          SH:  0    Dex: 16    Spells: 7/7 levels left

rFire    . . .     SeeInvis .   b - +2 scimitar (flame)
rCold    . . .     Faith    .   (no shield)
rNeg     + . .     Spirit   .   p - +1 chain mail
rPois    ∞         Reflect  .   c - +0 helmet
rElec    +         Harm     .   a - +0 cloak
rCorr    .         Rampage  .   (no gloves)
Will     .....     NoTele   +   (no boots)
Stlth    ..........             (no amulet)
HPRegen  0.24/turn              q - +3 ring of dexterity
MPRegen  0.11/turn              r - +3 ring of intelligence

@: berserking (expiring), very quick
A: negative energy resistance 1, electricity resistance, unbreathing,
petrification resistance, miasma immunity, AC +5
a: Renounce Religion


You were in the Dungeon.
You worshipped Makhleb.
Makhleb was aware of your devotion.
You visited 1 branch

Inventory:

Hand Weapons
 b - a +2 scimitar of flaming (weapon)
Missiles
 d - 2 throwing nets (quivered)
Armour
 a - a +0 cloak (worn)
 c - a +0 helmet (worn)
 p - a +1 chain mail (worn)
Jewellery
 q - a +3 ring of dexterity (left hand)
 r - a +3 ring of intelligence (right hand)
Wands
 n - a wand of acid (10)
Scrolls
 j - 2 scrolls of blinking
 l - 3 scrolls of remove curse
 m - 2 scrolls of amnesia
Potions
 e - a potion of invisibility
 f - a potion of heal wounds
 g - a potion of haste
 h - 4 potions of magic
 k - 4 potions of curing


   Skills:
 + Level 9.7 Fighting
 + Level 8.5 Long Blades
 + Level 8.2 Throwing
 + Level 7.7 Dodging


You had 7 spell levels left.
You didn't know any spells.
Your spell library was empty.

Dungeon Overview and Level Annotations

Branches:
Dungeon (1/1)

Altars:
Cheibriados
Dithmenos
Elyvilon
Fedhas
Gozag
Hepliaklqana
Kikubaaqudgha
Makhleb
Nemelex Xobeh
Okawaru
Qazlal
Ru
Sif Muna
Trog
Uskayaw
Vehumet
Wu Jian
Xom
Yredelemnul
Zin
The Shining One
Beogh
Jiyva
Lugonu


Innate Abilities, Weirdness & Mutations

You are resistant to torment.
Your stone body is resilient. (AC +5)
You are immune to poison.
You resist negative energy. (rN+)
You are resistant to electric shocks. (rElec)
You can survive without breathing.
You are immune to petrification.
You are immune to miasma.


Message History

Makhleb accepts your kill.
Your Fighting skill gained 2 levels and is now at level 9!
Your Long Blades skill gained 2 levels and is now at level 8!
Your Throwing skill gained 3 levels and is now at level 8!
Your Dodging skill gained 2 levels and is now at level 7!
You have reached level 7!
You have reached level 8!
You feel stronger.
You slice the bullfrog!! You burn the bullfrog!
You kill the bullfrog!
Makhleb accepts your kill.
You can now gain health from killing.
Deactivating autopickup; reactivate with Ctrl-A.
Your chain mail prevents you from hitting something.
Something barely misses you. Something hits you but does no damage.
There is an open door to the Dungeon, spattered with blood here.
Things that are here:
a +0 giant spiked club; a +0 giant club You slash something!
You burn something. Something hits you!
You die... ▓▓▓▓▓▓▓▓▓▓▓▓▓▓▓▓▓▓▓▓▓▓▓▓ ______'..).[...[@.Yl...+ ▓▓▓▓▓▓▓▓▓▓▓▓▓▓▓▓▓▓▓▓▓▓▓▓

You could see a yak and a leopard gecko.

Vanquished Creatures
  A two-headed ogre (D)
  A sky beast (D)
  An ogre (D)
  A bullfrog (D)
  A jelly (D)
  An iguana (D)
  A gnoll (D)
  A shadow imp (D)
  A bat skeleton (D)
  A goblin (D)
  A hobgoblin (D)
  A ball python (D)
  A bat (D)
13 creatures vanquished.

Notes
Turn   | Place    | Note
-------+----------+-------------------------------------------
     0 | D        | Borgoz the Gargoyle Gladiator began the quest for the Orb.
     0 | D        | Reached XP level 1. HP: 12/12 MP: 1/1
    14 | D        | Reached skill level 3 in Fighting
    14 | D        | Reached XP level 2. HP: 19/19 MP: 2/2
    27 | D        | Noticed an ogre
    27 | D        | Noticed a sky beast
    36 | D        | Killed an ogre
    37 | D        | Reached skill level 5 in Fighting
    37 | D        | Reached XP level 3. HP: 26/26 MP: 3/3
    37 | D        | Reached XP level 4. HP: 31/31 MP: 4/4
    41 | D        | Killed a sky beast
    42 | D        | Reached skill level 6 in Fighting
    42 | D        | Reached skill level 5 in Long Blades
    42 | D        | Reached skill level 5 in Throwing
    42 | D        | Reached skill level 5 in Dodging
    42 | D        | Reached XP level 5. HP: 37/37 MP: 5/5
    50 | D        | Reached XP level 6. HP: 11/42 MP: 6/6
    55 | D        | Found a roughly hewn altar of Beogh.
    55 | D        | Found a snail-covered altar of Cheibriados.
    55 | D        | Found a shadowy altar of Dithmenos.
    55 | D        | Found a white marble altar of Elyvilon.
    55 | D        | Found a blossoming altar of Fedhas.
    55 | D        | Found an opulent altar of Gozag.
    56 | D        | Found a hazy altar of Hepliaklqana.
    57 | D        | Found a viscous altar of Jiyva.
    58 | D        | Found an ancient bone altar of Kikubaaqudgha.
    59 | D        | Found a corrupted altar of Lugonu.
    60 | D        | Found a burning altar of Makhleb.
    61 | D        | Found a sparkling altar of Nemelex Xobeh.
    62 | D        | Found an iron altar of Okawaru.
    63 | D        | Found a stormy altar of Qazlal.
    64 | D        | Found a sacrificial altar of Ru.
    65 | D        | Found a shimmering blue altar of Sif Muna.
    66 | D        | Found a bloodstained altar of Trog.
    67 | D        | Found a hide-covered altar of Uskayaw.
    68 | D        | Found a radiant altar of Vehumet.
    69 | D        | Found an ornate altar of the Wu Jian Council.
    70 | D        | Found a shimmering altar of Xom.
    71 | D        | Found a basalt altar of Yredelemnul.
    72 | D        | Found a glowing silver altar of Zin.
    73 | D        | Found a glowing golden altar of the Shining One.
   108 | D        | Became a worshipper of Makhleb the Destroyer
   324 | D        | Noticed a two-headed ogre
   324 | D        | Noticed a yak
   327 | D        | Reached skill level 7 in Fighting
   334 | D        | Killed a two-headed ogre
   335 | D        | Reached skill level 9 in Fighting
   335 | D        | Reached XP level 7. HP: 6/51 MP: 7/7
   335 | D        | Reached XP level 8. HP: 7/56 MP: 8/8
   335 | D        | Reached * piety under Makhleb
   338 | D        | Slain by an unseen horror

Illustrated notes

Levels and vault maps discovered:
D:        linesprint [early_d, line_temple, items_1, d_10, items_2, lair_1,
          lair_end, items_3, orc_1, orc_end, items_4, d_15, swamp_1, shoals_1,
          snake_1, spider_1, d_20, vaults_1, items_5, swamp_end, shoals_end,
          snake_end, spider_end, vaults_end, d_27, items_6, zot_1, zot_end,
          crypt_end, forest_end, elf_end, slime_end, tomb_end, abyss_end,
          pan_hell_end]

Skill      XL: |  1  2  3  4  5  6 |
---------------+-------------------+-----
Fighting       | 3 5 6 9 |  9.7
Long Blades    | 3 4 5 6 8 |  8.5
Throwing       | 2 4 5 8 |  8.2
Dodging        | 3 4 5 7 |  7.7

Action                   |  1- 3 |  4- 6 |  7- 9 || total
-------------------------+-------+-------+-------++-------
Melee: Long sword        |    20 |    13 |       ||    33
       Scimitar          |       |     8 |     3 ||    11
Throw: Throwing net      |     1 |       |       ||     1
  Use: Potion            |     2 |     2 |       ||     4
Armor: Leather armour    |     5 |       |       ||     5
       Chain mail        |       |     3 |     1 ||     4
Dodge: Dodged            |    15 |    10 |     1 ||    26
       Rpst.: Long sword |     7 |     2 |       ||     9

Table legend: (Time is in decaauts)
 A = Elapsed time spent in this place.
 B = Non-inter-level travel time spent in this place.
 C = Inter-level travel time spent in this place.
 D = Time resting spent in this place.
 E = Time spent auto-exploring this place.
 F = Levels seen in this place.
 G = Mean time per level.
                   A        B        C        D        E       F      G
               +--------+--------+--------+--------+--------+-----+--------+
         Total |    341 |    341 |      0 |      0 |    178 |   1 |  341.0 |
       Dungeon |    341 |    341 |      0 |      0 |    178 |   1 |  341.0 |
               +--------+--------+--------+--------+--------+-----+--------+

Top non-repeatable levels by time:
       D: 341 daAuts
